[Event "Early-Titled-Tuesday-Blitz-April-16-2024"]
[Site "Chess.com"]
[Date "2024.04.16"]
[Round "3"]
[White "Donskov_AN"]
[Black "yuriydovzik"]
[Result "1-0"]
[WhiteElo "2364"]
[BlackElo "2134"]
[TimeControl "180+1"]
[EndTime "8:27:06 PDT"]
[Termination "Donskov_AN won on time"]

1. e4 c6 2. d4 Na6 3. Bxa6 Qa5+ 4. Nc3 Qxa6 5. Nf3 d6 6. Be3 g6 7. h4 Nf6 8. Nd2 h5 9. f3 Bg7 10. Qe2 Qxe2+ 11. Nxe2 d5 12. e5 Nd7 13. O-O-O e6 14. Kb1 b6 15. Bg5 c5 16. c3 Ba6 17. Nf4 Rc8 18. Nb3 Nf8 19. Rhe1 Nh7 20. Nh3 Nxg5 21.
Nxg5 Bh6 22. f4 Ke7 23. g3 Rc7 24. Nf3 Rhc8 25. Nc1 Bb7 26. Nd3 a5 27. a3 Ba6 28. Nc1 Bf8 29. Nb3 a4 30. Nc1 Ke8 31.
Na2 Be7 32. Nc1 Bc4 33. Nd3 Bb3 34. Rc1 Bc4 35. Nf2 b5 36. dxc5 Bxc5 37. Nd4 1-0

[Event "Early-Titled-Tuesday-Blitz-April-16-2024"]
[Site "Chess.com"]
[Date "2024.04.16"]
[Round "3"]
[White "JJDAREK"]
[Black "mokerslag"]
[Result "0-1"]
[WhiteElo "2308"]
[BlackElo "2512"]
[TimeControl "180+1"]
[EndTime "8:27:07 PDT"]
[Termination "mokerslag won on time"]

1. d4 Nf6 2. Nf3 e6 3. c4 c5 4. d5 exd5 5. cxd5 b5 6. Bg5 h6 7. Bxf6 Qxf6 8. Nbd2 Qxb2 9. Rb1 Qxa2 10. Rxb5 Qxd5 11.
e4 Qc6 12. Ne5 Qc7 13. Nec4 Nc6 14. Bd3 Nd4 15. Rb1 Be7 16. O-O O-O 17. f4 Bb7 18. Qh5 Rad8 19. e5 d5 20. Ne3 c4 21. Nf5 cxd3 22. Nxd4 Bc5 23. Nf3 Bxd4+ 24. Nxd4 Qc5 25. Rxb7 Qxd4+ 26. Kh1 Rc8 27. Qf3 d2 28. Rd1 Rc1 29.
Rb1 Rfc8 30. h3 Rxb1 31. Rxb1 Rc1+ 0-1

[Event "Early-Titled-Tuesday-Blitz-April-16-2024"]
[Site "Chess.com"]
[Date "2024.04.16"]
[Round "3"]
[White "Bastiandash"]
[Black "bascheyaro"]
[Result "0-1"]
[WhiteElo "2534"]
[BlackElo "2839"]
[TimeControl "180+1"]
[EndTime "8:27:08 PDT"]
[Termination "bascheyaro won by resignation"]

1. e4 e6 2. d4 d5 3. Nc3 Bb4 4. Ne2 Nf6 5. Bg5 dxe4 6. a3 Be7 7. Bxf6 Bxf6 8. Nxe4 Nd7 9. Nxf6+ Nxf6 10. Qd2 O-O 11. O-O-O b6 12. Nf4 Bb7 13. f3 Nd5 14. Bc4 Nxf4 15.
Qxf4 Qd6 16. Qxd6 cxd6 17. Bd3 Rac8 18. Kd2 f5 19. c4 Kf7 20. Rhe1 Kf6 21. Rc1 e5 22.
dxe5+ dxe5 23. Kc3 Rfd8 24. Rcd1 g5 25. b3 h5 26. Bc2 g4 27. Rxd8 Rxd8 28. Rf1 gxf3 29. gxf3 Kg5 30. f4+ exf4 31. Rg1+ Kf6 32. Rf1 Ke5 33.
Bd1 h4 34. b4 Be4 35. Be2 f3 36. Bd1 Rd3+ 37. Kb2 Kd4 0-1

[Event "Early-Titled-Tuesday-Blitz-April-16-2024"]
[Site "Chess.com"]
[Date "2024.04.16"]
[Round "3"]
[White "shimastream"]
[Black "NikitaShnadrygin"]
[Result "1-0"]
[WhiteElo "3038"]
[BlackElo "2733"]
[TimeControl "180+1"]
[EndTime "8:27:10 PDT"]
[Termination "shimastream won by resignation"]

1. Nf3 Nf6 2. c4 g6 3. Nc3 d5 4. cxd5 Nxd5 5. Qa4+ Nc6 6. Ne5 Qd6 7. Nxc6 Qxc6 8. Qd4 Nf6 9. e4 Qd7 10. Qe3 Bg7 11. Be2 e5 12. Qg3 Qe7 13. d3 c6 14.
Be3 b5 15. Rc1 O-O 16. O-O Bb7 17. f3 Nd7 18. Qf2 a6 19. d4 exd4 20. Bxd4 Bxd4 21. Qxd4 Rfd8 22. Rfd1 g5 23. Bf1 Qe5 24. Qe3 h6 25. Ne2 Nf6 26. Qb6 Qe7 27. Nd4 Rdb8 28. Nf5 Qe5 29. Nxh6+ Kh7 30. Nxf7 Qe7 31. Nxg5+ 1-0

[Event "Early-Titled-Tuesday-Blitz-April-16-2024"]
[Site "Chess.com"]
[Date "2024.04.16"]
[Round "3"]
[White "HeroWilczek"]
[Black "Nitzan_Steinberg"]
[Result "0-1"]
[WhiteElo "2598"]
[BlackElo "2895"]
[TimeControl "180+1"]
[EndTime "8:27:11 PDT"]
[Termination "Nitzan_Steinberg won by resignation"]

1. e4 c5 2. Nf3 d6 3. d4 cxd4 4. Nxd4 Nf6 5. Nc3 a6 6. Be2 e6 7. O-O Be7 8. Be3 Qc7 9. f4 b5 10. Bf3 Bb7 11. a3 Nbd7 12. Qe1 h5 13. Rd1 Rc8 14. Kh1 h4 15. Qf2 h3 16. g4 Nc5 17. e5 dxe5 18. fxe5 Nxg4 19. Qe2 Nxe5 20. Bxb7 Qxb7+ 21. Nf3 Nxf3 22. Rxf3 Bf6 23. Bxc5 Bxc3 24.
Bd6 Bf6 25. Rd3 Rh5 26. Kg1 Rc4 27. Bg3 Rd5 28. b3 Rxd3 29. Rxd3 Bd4+ 30. Re3 Bxe3+ 0-1

[Event "Early-Titled-Tuesday-Blitz-April-16-2024"]
[Site "Chess.com"]
[Date "2024.04.16"]
[Round "3"]
[White "Artemiki"]
[Black "TitarovVasiliYouTube"]
[Result "0-1"]
[WhiteElo "2424"]
[BlackElo "2607"]
[TimeControl "180+1"]
[EndTime "8:27:11 PDT"]
[Termination "TitarovVasiliYouTube won on time"]

1. e4 Nf6 2. e5 Nd5 3. d4 d6 4. c4 Nb6 5. exd6 exd6 6. Nc3 Be7 7. Be3 O-O 8. Bd3 Bf6 9. Nge2 Re8 10. b3 Bg4 11. O-O Nc6 12. h3 Bh5 13. g4 Bg6 14. Bxg6 hxg6 15. Ng3 d5 16. c5 Nc8 17. Qd2 Bh4 18.
Rae1 b6 19. cxb6 axb6 20. Kg2 N8e7 21. Bf4 Qd7 22. Re2 g5 23. Bxg5 Bxg5 24. Qxg5 Nxd4 25. Re3 Ne6 26. Qh5 Nf4+ 0-1

[Event "Early-Titled-Tuesday-Blitz-April-16-2024"]
[Site "Chess.com"]
[Date "2024.04.16"]
[Round "3"]
[White "LileKoridze"]
[Black "lupta_robin"]
[Result "1-0"]
[WhiteElo "2393"]
[BlackElo "2578"]
[TimeControl "180+1"]
[EndTime "8:27:11 PDT"]
[Termination "LileKoridze won by resignation"]

1. d4 Nf6 2. c4 g6 3. Nc3 Bg7 4. e4 O-O 5. Nf3 d6 6. Be2 e5 7. O-O Nh5 8. d5 Nf4 9. Bxf4 exf4 10. Qd2 g5 11. h3 Nd7 12. Nd4 Ne5 13. Nf5 Bxf5 14.
exf5 f3 15. Bd3 fxg2 16. Kxg2 g4 17. hxg4 Qh4 18. Be2 Bh6 19. Qd1 Bf4 20. Rh1 Qg5 21.
Ne4 Qg7 22. Rh5 f6 23. f3 Kf7 24. Qb3 b6 25. Rah1 h6 26. Nc3 Rae8 27. Qc2 Rg8 28.
Nb5 Re7 29. Nd4 a5 30. Ne6 Rxe6 31. dxe6+ Ke7 32. Qe4 Bd2 33. Qb7 1-0

[Event "Early-Titled-Tuesday-Blitz-April-16-2024"]
[Site "Chess.com"]
[Date "2024.04.16"]
[Round "3"]
[White "Seochesspie"]
[Black "GMAneta"]
[Result "1-0"]
[WhiteElo "2868"]
[BlackElo "2547"]
[TimeControl "180+1"]
[EndTime "8:27:14 PDT"]
[Termination "Seochesspie won by resignation"]

1. c4 Nf6 2. Nf3 c5 3. Nc3 g6 4. d4 cxd4 5. Nxd4 Nc6 6. e4 Bg7 7. Nc2 O-O 8. Be2 d6 9. O-O Nd7 10. Bd2 Nc5 11. b4 Bxc3 12. Bxc3 Nxe4 13. Bb2 Be6 14.
a3 Rc8 15. Ne3 a5 16. b5 Ne5 17. Rc1 Nf6 18. Kh1 h5 19. h3 Rc7 20. f4 Ned7 21. f5 gxf5 22. Nxf5 Rc5 23. Nd4 Ne5 24.
Qd2 Qd7 25. Qe3 Ng6 26. Bd3 Re5 27. Qg3 h4 28. Qf3 Rg5 29. Nxe6 Qxe6 30. Rce1 Ne5 31. Qf4 Rg3 32. Bf5 Qxc4 33. Bxe5 Qxf4 34. Bxf4 Rxa3 35. Rxe7 b6 36. Bxd6 Nd5 37. Bxa3 1-0

[Event "Early-Titled-Tuesday-Blitz-April-16-2024"]
[Site "Chess.com"]
[Date "2024.04.16"]
[Round "3"]
[White "a-z30"]
[Black "klercaku"]
[Result "1-0"]
[WhiteElo "2393"]
[BlackElo "2186"]
[TimeControl "180+1"]
[EndTime "8:27:16 PDT"]
[Termination "a-z30 won by resignation"]

1. c4 e5 2. e3 Nf6 3. Nc3 d5 4. cxd5 Nxd5 5. Nf3 Nc6 6. Bc4 Nb6 7. Bb5 Bd6 8. O-O Bd7 9. h3 O-O 10. d4 exd4 11.
exd4 a6 12. Bd3 h6 13. Re1 Nb4 14. Bb1 Re8 15. Ne5 Bxe5 16. dxe5 Be6 17. Qf3 N4d5 18.
Qd3 Nxc3 19. Qh7+ Kf8 20. bxc3 Qh4 21. Ba3+ 1-0

[Event "Early-Titled-Tuesday-Blitz-April-16-2024"]
[Site "Chess.com"]
[Date "2024.04.16"]
[Round "3"]
[White "CristianS27"]
[Black "Evgeny81"]
[Result "0-1"]
[WhiteElo "2527"]
[BlackElo "2774"]
[TimeControl "180+1"]
[EndTime "8:27:17 PDT"]
[Termination "Evgeny81 won by resignation"]

1. e4 Nf6 2. e5 Nd5 3. d4 d6 4.
Nf3 c6 5. c4 Nc7 6. exd6 exd6 7. h3 Be7 8. Bd3 O-O 9. O-O Nd7 10. Nc3 Nf6 11. Re1 h6 12. Bf4 Re8 13. Qd2 Bf8 14. Rxe8 Ncxe8 15. Re1 Bd7 16. Bc2 Qc8 17. Qd3 g6 18. Qd2 Kh7 19. Bb3 Bf5 20. c5 d5 21.
Ne5 Be6 22. Bc2 Bg7 23. Qe2 Nc7 24. Nxg6 fxg6 25. Bxc7 Qxc7 26. Qxe6 Re8 27. Qxe8 Nxe8 28. Rxe8 Qf7 29. Re3 Bxd4 30. Rf3 Qe7 31. h4 Qe1+ 32. Kh2 Bxf2 33. Rf7+ Kg8 34. Bxg6 Qg1+ 35. Kh3 Qh1+ 36. Kg4 Qxh4+ 37. Kf5 Qg5+ 38. Ke6 Qxg6+ 39. Rf6 Qxg2 40. Ke7 Bh4 0-1

[Event "Early-Titled-Tuesday-Blitz-April-16-2024"]
[Site "Chess.com"]
[Date "2024.04.16"]
[Round "3"]
[White "DarkAlekhine"]
[Black "ozates"]
[Result "1/2-1/2"]
[WhiteElo "2756"]
[BlackElo "2535"]
[TimeControl "180+1"]
[EndTime "8:27:17 PDT"]
[Termination "Game drawn by agreement"]

1. e4 e5 2. Nf3 Nc6 3. Bb5 a6 4.
Ba4 d6 5. O-O Bd7 6. Re1 g6 7.
Bxc6 Bxc6 8. d4 Bg7 9. c4 Ne7 10.
Nc3 O-O 11. Be3 b5 12. c5 b4 13. d5 bxc3 14. dxc6 cxb2 15. Rb1 Nxc6 16. Rxb2 dxc5 17. Bxc5 Qxd1 18. Rxd1 Rfd8 19. Rc1 Bh6 20. Be3 Bxe3 21.
fxe3 Rd6 22. Rbc2 Nb4 23. Rxc7 Re8 24. Ng5 Rf6 25. a3 Nd3 26. Rf1 Rxf1+ 27. Kxf1 h6 28. Nxf7 Rf8 29. Ke2 Rxf7 30. Rc8+ Rf8 31. Rxf8+ Kxf8 32. Kxd3 Ke7 33. Kc4 Kd6 34. Kb4 Kc6 35. Ka5 Kb7 36. g4 Ka7 37. a4 Kb7 38. Kb4 Kb6 39. Kc4 Kc6 40. Kb4 Kb6 41. a5+ Kc6 42. Kc4 Kd6 1/2-1/2

[Event "Early-Titled-Tuesday-Blitz-April-16-2024"]
[Site "Chess.com"]
[Date "2024.04.16"]
[Round "3"]
[White "Attacker_2006"]
[Black "Ati1517"]
[Result "1-0"]
[WhiteElo "2426"]
[BlackElo "2222"]
[TimeControl "180+1"]
[EndTime "8:27:18 PDT"]
[Termination "Attacker_2006 won by checkmate"]

1. h4 e5 2. c4 Nf6 3. Nc3 Nc6 4.
e3 d5 5. cxd5 Nxd5 6. Nf3 Bg4 7.
Qc2 Bxf3 8. gxf3 Be7 9. h5 Qd7 10. a3 Nxc3 11. bxc3 Qd6 12. d4 O-O-O 13. Rb1 exd4 14.
cxd4 Rhe8 15. Be2 Bf6 16. Qb3 b6 17. Bb2 Re7 18. Kf1 Rde8 19. Rc1 Bg5 20. Qb5 h6 21. Qxc6 Qxc6 22. Rxc6 Kb7 23. Rc2 Re6 24. f4 Bf6 25. Bf3+ c6 26. d5 Rd6 27. dxc6+ Kc8 28. Bxf6 gxf6 29. c7 Re7 30. Bb7+ Kxb7 31. c8=Q# 1-0

[Event "Early-Titled-Tuesday-Blitz-April-16-2024"]
[Site "Chess.com"]
[Date "2024.04.16"]
[Round "3"]
[White "Eliwood44"]
[Black "Yan_Dyomin2010"]
[Result "0-1"]
[WhiteElo "2479"]
[BlackElo "2652"]
[TimeControl "180+1"]
[EndTime "8:27:24 PDT"]
[Termination "Yan_Dyomin2010 won by resignation"]

1. d4 Nf6 2. Nf3 b6 3. c4 e6 4. g3 Bb7 5. Bg2 Bb4+ 6. Bd2 Bxd2+ 7. Nbxd2 O-O 8. Qc2 d5 9. O-O Nbd7 10. Rfc1 c5 11. cxd5 Bxd5 12. e4 Bb7 13. e5 Nd5 14. Ne4 Nb4 15.
Qb1 Bxe4 16. Qxe4 Rc8 17. a3 Nc6 18. d5 exd5 19. Qxd5 Ndxe5 20. Nxe5 Qxd5 21. Bxd5 Nxe5 22. Re1 Rfe8 23. f4 Rcd8 24. Rad1 Rxd5 25. fxe5 Rxd1 26. Rxd1 g6 27. Rd7 Rxe5 28. Rxa7 Re2 29. b4 cxb4 30.
axb4 Rb2 31. Rb7 Rxb4 32. Kg2 Rb3 33. h4 Kg7 34. g4 h6 35. Kh2 Kf6 36. Kg2 Ke6 37.
Kh2 b5 38. Kg2 Kf6 39. Kh2 h5 40. gxh5 gxh5 41. Kg2 Kg6 42. Kh2 f6 43. Rb8 Kf5 44. Rg8 b4 45. Rh8 Kg4 46. Rf8 f5 47. Kg2 Rb2+ 48.
Kf1 f4 49. Ke1 b3 50. Rf7 Rh2 51. Rb7 b2 52. Rb4 Rh1+ 53. Kf2 b1=Q 0-1

[Event "Early-Titled-Tuesday-Blitz-April-16-2024"]
[Site "Chess.com"]
[Date "2024.04.16"]
[Round "3"]
[White "Eloist"]
[Black "temiksmozg"]
[Result "0-1"]
[WhiteElo "2489"]
[BlackElo "2655"]
[TimeControl "180+1"]
[EndTime "8:27:28 PDT"]
[Termination "temiksmozg won on time"]

1. e4 c5 2. Nf3 e6 3. d4 cxd4 4. Nxd4 Nf6 5. Nc3 Nc6 6. Nxc6 bxc6 7. e5 Nd5 8. Ne4 Qc7 9. f4 Qb6 10. c4 Bb4+ 11. Ke2 Ba6 12. Kf3 f5 13. exf6 Nxf6 14. Be3 c5 15. Nd6+ Ke7 16. a3 Qxd6 17. Qxd6+ Kxd6 18. axb4 Bb7+ 19. Kg3 cxb4 20. Be2 a5 21. Bb6 a4 22.
Rhd1+ Kc6 23. Bd4 Ne4+ 24. Kh3 a3 25. Bf3 Kc7 26. bxa3 Rxa3 27. Rxa3 bxa3 28. Ra1 Ra8 29.
Bxg7 Nd2 0-1

[Event "Early-Titled-Tuesday-Blitz-April-16-2024"]
[Site "Chess.com"]
[Date "2024.04.16"]
[Round "3"]
[White "Smoking_Crow"]
[Black "N_I_Chess"]
[Result "1-0"]
[WhiteElo "2672"]
[BlackElo "2399"]
[TimeControl "180+1"]
[EndTime "8:27:28 PDT"]
[Termination "Smoking_Crow won by checkmate"]

1. e4 Nf6 2. e5 Nd5 3. d4 d6 4. c4 Nb6 5. f4 dxe5 6. fxe5 Nc6 7. Be3 g6 8. Nc3 Bg7 9. Nf3 Bg4 10. Be2 Bxf3 11. gxf3 Qd7 12. f4 e6 13. Qd2 O-O-O 14.
O-O-O Ne7 15. Kb1 h5 16. Rc1 Nf5 17. Rhd1 Nxe3 18. Qxe3 Qe7 19. d5 Kb8 20. Nb5 exd5 21. cxd5 g5 22. d6 cxd6 23. Rxd6 gxf4 24. Qa3 a6 25. Qc5 Nc8 26. Bf3 Rxd6 27. exd6 Qe5 28. Qc7+ Ka8 29. Qxb7# 1-0

[Event "Early-Titled-Tuesday-Blitz-April-16-2024"]
[Site "Chess.com"]
[Date "2024.04.16"]
[Round "3"]
[White "dealshark"]
[Black "JACK_BAU3R"]
[Result "1-0"]
[WhiteElo "2347"]
[BlackElo "1995"]
[TimeControl "180+1"]
[EndTime "8:27:28 PDT"]
[Termination "dealshark won by checkmate"]

1. e4 c5 2. Nf3 d6 3. d4 cxd4 4. Nxd4 g6 5. Nc3 Bg7 6. Be3 Nc6 7. f3 Nf6 8. Qd2 O-O 9. O-O-O Bd7 10. g4 Rc8 11. h4 h5 12. gxh5 Nxh5 13. Be2 Ne5 14.
Bh6 Nc4 15. Bxc4 Rxc4 16. Bxg7 Kxg7 17. Nd5 e6 18. Ne3 Rc5 19. Ne2 Bb5 20. Nc3 Qf6 21. Qxd6 Rfc8 22. Qd4 Be2 23. Qxf6+ Kxf6 24. Nxe2 b5 25.
Rhg1 a5 26. Rd2 b4 27. Ng3 Nf4 28. Ne2 Nh5 29. Rg5 a4 30. Rxc5 Rxc5 31. Kd1 Ke5 32.
Ng4# 1-0

[Event "Early-Titled-Tuesday-Blitz-April-16-2024"]
[Site "Chess.com"]
[Date "2024.04.16"]
[Round "3"]
[White "MITerryble"]
[Black "Gabrielian_Artur"]
[Result "1-0"]
[WhiteElo "3074"]
[BlackElo "2779"]
[TimeControl "180+1"]
[EndTime "8:27:31 PDT"]
[Termination "MITerryble won on time"]

1. d4 d5 2. Bg5 Nf6 3. e3 c5 4. c3 Qb6 5. Qb3 Nc6 6. Nd2 c4 7.
Qc2 e5 8. Bxf6 gxf6 9. Ngf3 e4 10. Nh4 f5 11. g3 Be7 12. Ng2 Be6 13. b3 cxb3 14.
axb3 Rc8 15. Qb2 a6 16. Be2 Bd6 17. O-O Rg8 18. Kh1 Rg6 19. Rfb1 Qd8 20. b4 Kf8 21. b5 axb5 22. Qxb5 Rc7 23. c4 Be7 24. Nf4 dxc4 25. Bxc4 Rh6 26. d5 Ne5 27. dxe6 Ng4 28. Qxf5 Rxh2+ 29.
Kg1 Nh6 30. Qd5 Qc8 31. Kxh2 Rc5 32. Qd7 1-0

[Event "Early-Titled-Tuesday-Blitz-April-16-2024"]
[Site "Chess.com"]
[Date "2024.04.16"]
[Round "3"]
[White "aanshnerurkar"]
[Black "Szparu"]
[Result "0-1"]
[WhiteElo "2378"]
[BlackElo "2832"]
[TimeControl "180+1"]
[EndTime "8:27:32 PDT"]
[Termination "Szparu won by resignation"]

1. e4 e6 2. d4 d5 3. Nd2 c5 4. Ngf3 Nc6 5. exd5 exd5 6. dxc5 Bxc5 7. Nb3 Bb6 8. Bd3 Nf6 9. O-O O-O 10. c3 h6 11. h3 Re8 12. Nbd4 Ne4 13. Be3 Nb8 14. Nd2 Nf6 15. a4 Nbd7 16. N2f3 Nc5 17. Bc2 Nce4 18.
Nf5 Bxf5 19. Nd4 Bd7 20. Re1 Bc7 21. Bb1 a6 22. Qc2 Be6 23. f3 Nd6 24. b3 Bb6 25. Bf2 Qd7 26. a5 Bxd4 27. Bxd4 Bf5 28. Qd2 Rxe1+ 29.
Qxe1 Bxb1 30. Rxb1 Re8 31. Qf2 Qf5 32. Re1 Rxe1+ 33.
Qxe1 Qe6 34. Qd2 Nb5 35. Bxf6 gxf6 36. c4 dxc4 37. bxc4 Qxc4 38. Qxh6 Qd4+ 39. Kh1 Nd6 40. Qc1 Kg7 41. Kh2 Nf5 42. Qb1 Qe5+ 43. Kg1 Qxa5 44.
Qxb7 Qe1+ 45. Kh2 Qg3+ 46. Kg1 Nh4 47. f4 a5 0-1

[Event "Early-Titled-Tuesday-Blitz-April-16-2024"]
[Site "Chess.com"]
[Date "2024.04.16"]
[Round "3"]
[White "chessfatbear"]
[Black "Vahe_Danielyan"]
[Result "0-1"]
[WhiteElo "2844"]
[BlackElo "2610"]
[TimeControl "180+1"]
[EndTime "8:27:33 PDT"]
[Termination "Vahe_Danielyan won on time"]

1. c4 e5 2. g3 c6 3. d4 e4 4. Nc3 Bb4 5. Qb3 Na6 6. a3 Bxc3+ 7.
Qxc3 Nf6 8. Nh3 O-O 9. Bg2 d5 10. Bg5 h6 11. Bxf6 Qxf6 12. Nf4 g5 13. Nh3 Be6 14.
cxd5 cxd5 15. O-O Rac8 16. Qd2 Qg6 17. f4 exf3 18. exf3 Rc2 19. Qe3 Re8 20. Nf2 Bd7 21. Qb3 Ree2 22. Qxb7 Qe6 23. f4 Qe3 24. Kh1 Rxf2 25.
Rxf2 Qxf2 26. Qxd5 Bc6 27. Qd8+ Kh7 0-1

[Event "Early-Titled-Tuesday-Blitz-April-16-2024"]
[Site "Chess.com"]
[Date "2024.04.16"]
[Round "3"]
[White "Squirlolz"]
[Black "vedantgoswami"]
[Result "1-0"]
[WhiteElo "2580"]
[BlackElo "2337"]
[TimeControl "180+1"]
[EndTime "8:27:36 PDT"]
[Termination "Squirlolz won by resignation"]

1. e4 c6 2. c3 d5 3. e5 Bf5 4.
Nf3 e6 5. Be2 h6 6. O-O Ne7 7.
Na3 Nc8 8. Nc2 Be7 9. Ne3 Bg6 10. d4 Nd7 11. Ne1 c5 12. Nd3 cxd4 13. cxd4 Ncb6 14. Nf4 Bh7 15. Nh5 O-O 16. Bd3 Rc8 17. Bxh7+ Kxh7 18.
Qg4 Rg8 19. b3 Nf8 20. f4 Rc3 21. f5 Bg5 22. Rf3 Qc8 23. Bd2 Bxe3+ 24. Bxe3 exf5 25. Qh3 Ng6 26. Nf6+ Kh8 27. Bxh6 Rxf3 28. gxf3 f4 29. Qh5 1-0

[Event "Early-Titled-Tuesday-Blitz-April-16-2024"]
[Site "Chess.com"]
[Date "2024.04.16"]
[Round "3"]
[White "Vladimir_Zakhartsov"]
[Black "Hongjin"]
[Result "1-0"]
[WhiteElo "2936"]
[BlackElo "2653"]
[TimeControl "180+1"]
[EndTime "8:27:37 PDT"]
[Termination "Vladimir_Zakhartsov won by checkmate"]

1. d4 d6 2. e4 Nf6 3. Nc3 Nc6 4. Nf3 g6 5. Be3 Bg7 6. Qd2 e5 7. dxe5 Nxe5 8. Nxe5 dxe5 9. Qxd8+ Kxd8 10. O-O-O+ Bd7 11. Bc4 Ke7 12. Bg5 c6 13. Bxf7 Bg4 14. f3 Bxf3 15.
gxf3 Kxf7 16. Bxf6 Kxf6 17. Rd7 Rab8 18. Rhd1 Bf8 19. Kd2 Bb4 20. Ke2 Bxc3 21. bxc3 Kg5 22. Re7 Rhe8 23. Rxh7 Rh8 24. h4+ Kf6 25. Rd6# 1-0

[Event "Early-Titled-Tuesday-Blitz-April-16-2024"]
[Site "Chess.com"]
[Date "2024.04.16"]
[Round "3"]
[White "BardArtem"]
[Black "AlexanderKing"]
[Result "1-0"]
[WhiteElo "2855"]
[BlackElo "2588"]
[TimeControl "180+1"]
[EndTime "8:27:37 PDT"]
[Termination "BardArtem won by resignation"]

1. e4 e6 2. d4 d5 3. Nc3 Bb4 4.
Ne2 Nc6 5. a3 Ba5 6. b4 Bb6 7. Bb2 Nge7 8. g3 O-O 9. Bg2 dxe4 10.
Nxe4 Nf5 11. c3 a5 12. O-O Bd7 13. b5 Nce7 14. c4 c6 15. c5 Bc7 16. b6 Bb8 17.
Re1 Nd5 18. N2c3 Nxc3 19. Bxc3 Re8 20. Qd2 h6 21. Bxa5 e5 22. dxe5 Bxe5 23. Rad1 Be6 24. Qxd8 Rexd8 25. Bb4 Bb2 26. Rxd8+ Rxd8 27. Nd6 Nxd6 28.
cxd6 Bd4 29. Rd1 Bxb6 30. a4 c5 31. Ba3 Bb3 32. Rb1 c4 33. Bxb7 g5 34. Bb4 Rb8 35.
Bc6 Bd8 36. Bc3 Ra8 37. Bxa8 1-0

[Event "Early-Titled-Tuesday-Blitz-April-16-2024"]
[Site "Chess.com"]
[Date "2024.04.16"]
[Round "3"]
[White "GP9isback23"]
[Black "LeoWin2012"]
[Result "1/2-1/2"]
[WhiteElo "2651"]
[BlackElo "2312"]
[TimeControl "180+1"]
[EndTime "8:27:37 PDT"]
[Termination "Game drawn by repetition"]

1. d4 Nf6 2. Nf3 e6 3. c4 Bb4+ 4. Bd2 Bxd2+ 5. Qxd2 O-O 6. Nc3 b6 7. g3 Bb7 8. Bg2 d6 9. O-O Nbd7 10. Qc2 c5 11. Rfd1 Qe7 12. d5 exd5 13. Nh4 g6 14. e3 Rab8 15. Rd2 dxc4 16. Bxb7 Rxb7 17. Rad1 d5 18.
Nxd5 Nxd5 19. Rxd5 Nf6 20. Rd6 Ne4 21. R6d5 Nf6 22. R5d2 Rbb8 23. Qxc4 Rbd8 24. Nf3 Rxd2 25. Rxd2 Rd8 26. Qc2 Rd7 27. Rxd7 Qxd7 28. Nd2 Kg7 29. Qc3 Qe6 30. e4 Qxa2 31. e5 Nd5 32. Qf3 Nb4 33.
Qf6+ Kg8 34. Qd8+ Kg7 35. Qf6+ Kg8 36. Qd8+ Kg7 37. Qf6+ 1/2-1/2

[Event "Early-Titled-Tuesday-Blitz-April-16-2024"]
[Site "Chess.com"]
[Date "2024.04.16"]
[Round "3"]
[White "NMChessToImpress"]
[Black "stasOR4ik"]
[Result "1-0"]
[WhiteElo "2249"]
[BlackElo "2416"]
[TimeControl "180+1"]
[EndTime "8:27:38 PDT"]
[Termination "NMChessToImpress won by resignation"]

1. e4 c5 2. Nf3 Nc6 3. d4 cxd4 4. Nxd4 g6 5. Nc3 Bg7 6. Be3 d6 7. Bc4 Nf6 8. f3 O-O 9. Qd2 a6 10. O-O-O Ne5 11. Bb3 b5 12. Bh6 Nc4 13. Bxc4 bxc4 14. h4 e6 15. h5 Rb8 16. Nc6 Qb6 17. Nxb8 Qxb8 18. Bxg7 Kxg7 19. Qxd6 Qxd6 20. h6+ Kg8 21. Rxd6 Nh5 22. Rhd1 Nf4 23. Rd8 Bb7 24. R1d7 Bc6 25. Rxf8+ Kxf8 26. Rc7 Bb5 27. g3 Nh3 28. Nxb5 axb5 29.
Rc8+ Ke7 30. Rh8 Ng1 31. Rxh7 Nxf3 32. Rh8 Kf6 33. Rb8 Ng5 34. e5+ Kf5 35. Rxb5 1-0

[Event "Early-Titled-Tuesday-Blitz-April-16-2024"]
[Site "Chess.com"]
[Date "2024.04.16"]
[Round "3"]
[White "Shahdad2007"]
[Black "Gryffindorac8"]
[Result "1-0"]
[WhiteElo "2616"]
[BlackElo "2442"]
[TimeControl "180+1"]
[EndTime "8:27:39 PDT"]
[Termination "Shahdad2007 won by resignation"]

1. Nf3 Nf6 2. c4 e6 3. g3 d5 4.
Bg2 c5 5. cxd5 exd5 6. d4 Nc6 7. O-O Be7 8. Nc3 O-O 9. a3 Re8 10. Bg5 cxd4 11. Nxd4 h6 12. Bf4 Bg4 13. h3 Bh5 14. Re1 Bc5 15. Be3 Rxe3 16. fxe3 Ne5 17. Nc2 Nc4 18.
Nxd5 Nxb2 19. Nxf6+ Qxf6 20. Qd5 Qg5 21. Rab1 Na4 22.
Rxb7 Bxe3+ 23. Nxe3 Qxe3+ 24. Kh2 Bg6 25. Rb3 Qe8 26.
Qxa8 1-0

[Event "Early-Titled-Tuesday-Blitz-April-16-2024"]
[Site "Chess.com"]
[Date "2024.04.16"]
[Round "3"]
[White "LevonAronian"]
[Black "GoltsevDmitry2000"]
[Result "1-0"]
[WhiteElo "3082"]
[BlackElo "2784"]
[TimeControl "180+1"]
[EndTime "8:27:40 PDT"]
[Termination "LevonAronian won by checkmate"]

1. e4 e6 2. d4 d5 3. Nc3 c5 4. exd5 exd5 5. Nf3 Nf6 6. Bg5 Nc6 7. Bb5 Be7 8. dxc5 Bxc5 9. O-O O-O 10. Bxf6 Qxf6 11. Qxd5 Bb6 12. Bxc6 bxc6 13. Qe5 Qg6 14. Ne4 Ba6 15.
Rfe1 Rfe8 16. Qf4 Rad8 17. h3 h6 18. c3 Re6 19. Ne5 Qh5 20. Ng3 Qg5 21. Qxf7+ Kh7 22.
Qxe6 Qxg3 23. Qf5+ Kg8 24. Qf7+ Kh7 25. Ng4 Qd6 26.
Re6 Qc7 27. Rxh6# 1-0

[Event "Early-Titled-Tuesday-Blitz-April-16-2024"]
[Site "Chess.com"]
[Date "2024.04.16"]
[Round "3"]
[White "ilqar_74"]
[Black "stepanosinovsky"]
[Result "1-0"]
[WhiteElo "2787"]
[BlackElo "2418"]
[TimeControl "180+1"]
[EndTime "8:27:41 PDT"]
[Termination "ilqar_74 won by resignation"]

1. e4 e5 2. Nf3 Nc6 3. Bb5 a6 4.
Ba4 Nf6 5. O-O Be7 6. d4 exd4 7. e5 Ne4 8. Nxd4 O-O 9. Nf5 d5 10. exd6 Bxf5 11. dxe7 Qxe7 12. Bxc6 bxc6 13. Qf3 Qf6 14.
Na3 h6 15. Nc4 Bg6 16. Qxf6 Nxf6 17. Ne3 Nd5 18. Nxd5 cxd5 19. c3 c5 20. Be3 Rac8 21. Rfd1 Rfd8 22. f3 Rd7 23. Rd2 f6 24. Kf2 Bf7 25.
a3 a5 26. g4 h5 27. h3 hxg4 28. hxg4 Rb7 29. f4 a4 30. f5 Rcb8 31. Rb1 Rb5 32.
Kg3 g6 33. Kf4 Kg7 34. Rh2 Rh8 35. Rxh8 Kxh8 36. g5 Kg7 37. c4 d4 38. cxb5 dxe3 39. gxf6+ Kxf6 40. Kxe3 gxf5 41. b6 Bd5 42. Rd1 Bb7 43.
Rd7 1-0

[Event "Early-Titled-Tuesday-Blitz-April-16-2024"]
[Site "Chess.com"]
[Date "2024.04.16"]
[Round "3"]
[White "Josgar05"]
[Black "NowInChess"]
[Result "1-0"]
[WhiteElo "2423"]
[BlackElo "2217"]
[TimeControl "180+1"]
[EndTime "8:27:41 PDT"]
[Termination "Josgar05 won by resignation"]

1. Nf3 Nf6 2. b3 g6 3. Bb2 Bg7 4. g3 O-O 5. c4 d6 6. d4 Nbd7 7. Bg2 e5 8. dxe5 Ng4 9. O-O Ndxe5 10. Nc3 Nxf3+ 11. Bxf3 Ne5 12. Bg2 c6 13. Qd2 Qe7 14.
Rad1 Rd8 15. Ba3 Bf8 16. Ne4 Bf5 17. Nxd6 Qe6 18. c5 Bh3 19. Qf4 Bxg2 20. Kxg2 Rd7 21.
Bb2 Bg7 22. Rd4 h5 23. Rfd1 Rad8 24. Nxb7 Rxd4 25. Nxd8 Qd5+ 26. e4 Rxe4 27. Rxd5 Rxf4 28. gxf4 cxd5 29. Bxe5 d4 30. Kf3 f5 31. c6 d3 32. c7 d2 33. Ke2 1-0